| TOP OF THE 1ST |
|
Houston Colt .45's batting - Pitching for Kelowna Heat : RHP Sergio Silva
|
|
Pitching: RHP Sergio Silva
|
|
|
Batting: LHB Bert Middleton
|
0-0: Ball 1-0: Ball 2-0: Called Strike 2-1: Foul Ball, location: 2F 2-2: Strikes out looking
|
|
Batting: RHB Bill Borden
|
0-0: Swinging Strike 0-1: Fly out, F7 (Flyball, 7LS, EV 85.0 MPH)
|
|
Batting: RHB Patrick Pinault
|
0-0: Ball 1-0: Fly out, F9 (Flyball, 9D, EV 101.2 MPH)
|
| Top of the 1st over - 0 runs, 0 hits, 0 errors, 0 left on base; Houston 0 - Kelowna 0 |
| BOTTOM OF THE 1ST |
|
Kelowna Heat batting - Pitching for Houston Colt .45's : LHP Manny Gonzales
|
|
Pitching: LHP Manny Gonzales
|
|
|
Batting: RHB Armando Ramirez
|
0-0: Fly out, F7 (Line Drive, 7LM, EV 104.4 MPH)
|
|
Batting: RHB Mike Storey
|
0-0: Ball 1-0: Called Strike 1-1: Swinging Strike 1-2: Foul Ball, location: 2F 1-2: Foul Ball, location: 2F 1-2: Foul Ball, location: 2F 1-2: Ball 2-2: Strikes out swinging
|
|
Batting: RHB Tsugio Yamaguchi
|
0-0: SINGLE (Groundball, 4M, EV 105.6 MPH) (infield hit)
|
|
Batting: LHB Oscar Tamayo
|
0-0: Ball 1-0: Called Strike 1-1: Called Strike 1-2: Strikes out swinging
|
| Bottom of the 1st over - 0 runs, 1 hit, 0 errors, 1 left on base; Houston 0 - Kelowna 0 |
| TOP OF THE 2ND |
|
Houston Colt .45's batting - Pitching for Kelowna Heat : RHP Sergio Silva
|
|
Batting: LHB Vecdi Hodensack
|
0-0: Reached on error, E6 (Groundball, 6, EV 102.5 MPH)
|
|
Batting: SHB Terciero Ortiz
|
0-0: Ball 1-0: Fielders Choice at 2nd, 4-6 (Groundball, 4, EV 87.5 MPH)
|
|
Batting: RHB Tim Williams
|
0-0: Ball 1-0: Called Strike Terciero Ortiz is caught stealing 2nd base 2-4 1-1: Swinging Strike 1-2: Strikes out swinging
|
| Top of the 2nd over - 0 runs, 0 hits, 1 error, 0 left on base; Houston 0 - Kelowna 0 |
| BOTTOM OF THE 2ND |
|
Kelowna Heat batting - Pitching for Houston Colt .45's : LHP Manny Gonzales
|
|
Batting: LHB Adrian Navarro
|
0-0: Called Strike 0-1: Ball 1-1: Swinging Strike 1-2: Foul Ball, location: 2F 1-2: Ball 2-2: Strikes out swinging
|
|
Batting: RHB Matt Wallace
|
0-0: Called Strike 0-1: Swinging Strike 0-2: Strikes out looking
|
|
Batting: RHB Adrian Franz
|
0-0: Ball 1-0: Foul Ball, location: 2F 1-1: Ball 2-1: Ball 3-1: Base on Balls
|
|
Batting: RHB Sean Gilbert
|
0-0: Foul Ball, location: 2F 0-1: Ball 1-1: Ball Adrian Franz is caught stealing 2nd base 2-4
|
| Bottom of the 2nd over - 0 runs, 0 hits, 0 errors, 0 left on base; Houston 0 - Kelowna 0 |
| TOP OF THE 3RD |
|
Houston Colt .45's batting - Pitching for Kelowna Heat : RHP Sergio Silva
|
|
Batting: RHB Jamie Walker
|
0-0: Called Strike 0-1: Ball 1-1: Swinging Strike 1-2: Foul Ball, location: 2F 1-2: Ball 2-2: Ball 3-2: Strikes out looking
|
|
Batting: LHB Casper Significant
|
0-0: Called Strike 0-1: Ball 1-1: Called Strike 1-2: Foul Ball, location: 2F 1-2: Ball 2-2: Strikes out swinging
|
|
Batting: LHB Ryan Fridley
|
0-0: Called Strike 0-1: Swinging Strike 0-2: Strikes out looking
|
| Top of the 3rd over - 0 runs, 0 hits, 0 errors, 0 left on base; Houston 0 - Kelowna 0 |
| BOTTOM OF THE 3RD |
|
Kelowna Heat batting - Pitching for Houston Colt .45's : LHP Manny Gonzales
|
|
Batting: RHB Sean Gilbert
|
0-0: Called Strike 0-1: Called Strike 0-2: Fly out, F9 (Flyball, 9S, EV 90.6 MPH)
|
|
Batting: RHB Joe Nelson
|
0-0: Foul Ball, location: 2F 0-1: Foul Ball, location: 2F 0-2: Strikes out swinging
|
|
Batting: RHB Armando Ramirez
|
0-0: Called Strike 0-1: SINGLE (Line Drive, 9S, EV 94.4 MPH)
|
|
Batting: RHB Mike Storey
|
0-0: Called Strike Armando Ramirez steals 2nd, throwing error, E2 Armando Ramirez to third 0-1: Ball 1-1: Foul Ball, location: 2F 1-2: Ball 2-2: Ball 3-2: Fly out, F4 (Popup, 4MD, EV 46.9 MPH)
|
| Bottom of the 3rd over - 0 runs, 1 hit, 1 error, 1 left on base; Houston 0 - Kelowna 0 |
| TOP OF THE 4TH |
|
Houston Colt .45's batting - Pitching for Kelowna Heat : RHP Sergio Silva
|
|
Batting: LHB Bert Middleton
|
0-0: Swinging Strike 0-1: Foul Ball, location: 2F 0-2: SINGLE (Flyball, 6D, EV 93.8 MPH)
|
|
Batting: RHB Bill Borden
|
0-0: Ball 1-0: Ball 2-0: Foul Ball, location: 2F 2-1: Ball 3-1: Called Strike 3-2: Base on Balls Bert Middleton to second
|
|
Batting: RHB Patrick Pinault
|
0-0: Ball 1-0: Fly out, F7 (Flyball, 78M, EV 90.6 MPH)
|
|
Batting: LHB Vecdi Hodensack
|
0-0: Called Strike 0-1: Foul Ball, location: 2F 0-2: Ball 1-2: Foul Ball, location: 2F 1-2: Strikes out looking
|
|
Batting: SHB Terciero Ortiz
|
0-0: Called Strike 0-1: Fly out, F8 (Line Drive, 8LM, EV 110.6 MPH)
|
| Top of the 4th over - 0 runs, 1 hit, 0 errors, 2 left on base; Houston 0 - Kelowna 0 |
| BOTTOM OF THE 4TH |
|
Kelowna Heat batting - Pitching for Houston Colt .45's : LHP Manny Gonzales
|
|
Batting: RHB Tsugio Yamaguchi
|
0-0: Ball 1-0: Ball 2-0: Ball 3-0: Base on Balls
|
|
Batting: LHB Oscar Tamayo
|
0-0: Ball 1-0: Foul Ball, location: 2F 1-1: Called Strike Tsugio Yamaguchi steals 2nd base 1-2: Foul Ball, location: 2F 1-2: Ball 2-2: Fly out, F8 (Flyball, 8RD, EV 86.2 MPH)
|
|
Batting: LHB Adrian Navarro
|
0-0: Called Strike 0-1: Foul Ball, location: 2F 0-2: Strikes out swinging
|
|
Batting: RHB Matt Wallace
|
0-0: Foul Ball, location: 2F 0-1: Called Strike 0-2: Foul Ball, location: 2F 0-2: Strikes out swinging
|
| Bottom of the 4th over - 0 runs, 0 hits, 0 errors, 1 left on base; Houston 0 - Kelowna 0 |
| TOP OF THE 5TH |
|
Houston Colt .45's batting - Pitching for Kelowna Heat : RHP Sergio Silva
|
|
Batting: RHB Tim Williams
|
0-0: Ball 1-0: Fly out, F3 (Popup, 3SF, EV 86.9 MPH)
|
|
Batting: RHB Jamie Walker
|
0-0: Called Strike 0-1: Ball 1-1: Swinging Strike 1-2: Strikes out swinging
|
|
Batting: LHB Casper Significant
|
0-0: Ball 1-0: Foul Ball, location: 2F 1-1: Foul Ball, location: 2F 1-2: Foul Ball, location: 2F 1-2: Foul Ball, location: 2F 1-2: Foul Ball, location: 2F 1-2: Fly out, F8 (Flyball, 8LD, EV 92.5 MPH)
|
| Top of the 5th over - 0 runs, 0 hits, 0 errors, 0 left on base; Houston 0 - Kelowna 0 |
| BOTTOM OF THE 5TH |
|
Kelowna Heat batting - Pitching for Houston Colt .45's : LHP Manny Gonzales
|
|
Batting: RHB Adrian Franz
|
0-0: Called Strike 0-1: Foul Ball, location: 2F 0-2: Ball 1-2: Foul Ball, location: 2F 1-2: Ball 2-2: Ball 3-2: Foul Ball, location: 2F 3-2: SINGLE (Line Drive, 34D, EV 95.6 MPH)
|
|
Batting: RHB Sean Gilbert
|
0-0: Called Strike 0-1: SINGLE (Groundball, 6D, EV 95.0 MPH) Adrian Franz to second
|
|
Batting: RHB Joe Nelson
|
0-0: Foul Ball, location: 2F 0-1: Ball Wild Pitch! Adrian Franz to third Sean Gilbert to second 1-1: Ground out 6-3 (Groundball, 6S, EV 77.5 MPH) Adrian Franz scores Sean Gilbert to third
|
|
Batting: RHB Armando Ramirez
|
0-0: Ball 1-0: Foul Ball, location: 2F 1-1: Ball 2-1: Ball 3-1: Called Strike 3-2: Foul Ball, location: 2F 3-2: Strikes out swinging
|
|
Pitching: RHP Kurt Carr
|
|
|
Batting: RHB Mike Storey
|
0-0: Called Strike 0-1: Foul Ball, location: 2F 0-2: Ball 1-2: Ball 2-2: Ball 3-2: 2-RUN HOME RUN (Flyball, 78XD, EV 110.6 MPH), Distance : 430 ft
|
|
Batting: RHB Tsugio Yamaguchi
|
0-0: Fly out, F9 (Flyball, 9D, EV 80.6 MPH)
|
| Bottom of the 5th over - 3 runs, 3 hits, 0 errors, 0 left on base; Houston 0 - Kelowna 3 |
| TOP OF THE 6TH |
|
Houston Colt .45's batting - Pitching for Kelowna Heat : RHP Sergio Silva
|
|
Batting: LHB Ryan Fridley
|
0-0: Ball 1-0: Foul Ball, location: 2F 1-1: Ball 2-1: Ground out 4-3 (Groundball, 4M, EV 105.0 MPH)
|
|
Batting: LHB Bert Middleton
|
0-0: Called Strike 0-1: Foul Ball, location: 2F 0-2: Ball 1-2: Strikes out swinging
|
|
Batting: RHB Bill Borden
|
0-0: Swinging Strike 0-1: Foul Ball, location: 2F 0-2: Ball 1-2: Ball 2-2: Ball 3-2: Foul Ball, location: 2F 3-2: Strikes out swinging
|
| Top of the 6th over - 0 runs, 0 hits, 0 errors, 0 left on base; Houston 0 - Kelowna 3 |
| BOTTOM OF THE 6TH |
|
Kelowna Heat batting - Pitching for Houston Colt .45's : RHP Kurt Carr
|
|
Batting: LHB Oscar Tamayo
|
0-0: Ball 1-0: Foul Ball, location: 2F 1-1: Ball 2-1: Foul Ball, location: 2F 2-2: Ball 3-2: SOLO HOME RUN (Flyball, 89XD, EV 106.2 MPH), Distance : 419 ft
|
|
Batting: LHB Adrian Navarro
|
0-0: Ball 1-0: Called Strike 1-1: Ball 2-1: Ball 3-1: Base on Balls
|
|
Batting: RHB Matt Wallace
|
0-0: Called Strike 0-1: Ball 1-1: Foul Ball, location: 2F 1-2: Strikes out swinging
|
|
Batting: RHB Adrian Franz
|
0-0: Called Strike Adrian Navarro steals 2nd base 0-1: Foul Ball, location: 2F 0-2: Ball 1-2: Ball 2-2: Ball 3-2: Foul Ball, location: 2F 3-2: 2-RUN HOME RUN (Flyball, 78XD, EV 105.0 MPH), Distance : 425 ft
|
|
Pitching: RHP Rory Mozer
|
|
|
Batting: RHB Sean Gilbert
|
0-0: Called Strike 0-1: Swinging Strike 0-2: Ball 1-2: Ball 2-2: Foul Ball, location: 2F 2-2: Strikes out swinging
|
|
Batting: RHB Joe Nelson
|
0-0: Foul Ball, location: 2F 0-1: Ball 1-1: Ball 2-1: Ball 3-1: Base on Balls
|
|
Batting: RHB Armando Ramirez
|
0-0: Ball 1-0: Called Strike 1-1: Fielders Choice at 2nd, 6-4 (Groundball, 6, EV 88.1 MPH)
|
| Bottom of the 6th over - 3 runs, 2 hits, 0 errors, 1 left on base; Houston 0 - Kelowna 6 |
| TOP OF THE 7TH |
|
Houston Colt .45's batting - Pitching for Kelowna Heat : RHP Sergio Silva
|
|
Batting: RHB Patrick Pinault
|
0-0: Called Strike 0-1: Ground out 5-3 (Groundball, 56S, EV 88.1 MPH)
|
|
Batting: LHB Vecdi Hodensack
|
0-0: TRIPLE (Line Drive, 78D, EV 98.1 MPH)
|
|
Batting: SHB Terciero Ortiz
|
0-0: Fly out, F8 (Flyball, 8LM, EV 80.6 MPH)
|
|
Batting: RHB Tim Williams
|
0-0: Ball 1-0: Called Strike 1-1: Foul Ball, location: 2F 1-2: Ball 2-2: Strikes out swinging
|
| Top of the 7th over - 0 runs, 1 hit, 0 errors, 1 left on base; Houston 0 - Kelowna 6 |
| BOTTOM OF THE 7TH |
|
Kelowna Heat batting - Pitching for Houston Colt .45's : RHP Rory Mozer
|
|
Batting: RHB Mike Storey
|
0-0: Called Strike 0-1: Ball 1-1: Ball 2-1: Called Strike 2-2: Foul Ball, location: 2F 2-2: Foul Ball, location: 2F 2-2: Ball 3-2: Base on Balls
|
|
Batting: RHB Tsugio Yamaguchi
|
0-0: Ball 1-0: Called Strike 1-1: Called Strike 1-2: Ball 2-2: Strikes out swinging
|
|
Pitching: LHP Manny Muniz
|
|
|
Batting: LHB Oscar Tamayo
|
0-0: Ball 1-0: Foul Ball, location: 2F 1-1: Grounds into double play, 5-6-3 (Groundball, 56, EV 78.1 MPH)
|
| Bottom of the 7th over - 0 runs, 0 hits, 0 errors, 0 left on base; Houston 0 - Kelowna 6 |
| TOP OF THE 8TH |
|
Houston Colt .45's batting - Pitching for Kelowna Heat : RHP Sergio Silva
|
|
Pinch Hitting: RHB Josh Reisner
|
0-0: Called Strike 0-1: Ball 1-1: Ground out 3-1 (Groundball, 34S, EV 85.6 MPH)
|
|
Pitching: LHP Ricky Coats
|
|
|
Batting: LHB Casper Significant
|
0-0: Ball 1-0: Called Strike 1-1: Called Strike 1-2: Foul Ball, location: 2F 1-2: Fly out, F2 (Popup, 2LF, EV 77.5 MPH)
|
|
Batting: LHB Ryan Fridley
|
0-0: Called Strike 0-1: Ball 1-1: Ground out 3-1 (Groundball, 13, EV 91.9 MPH)
|
| Top of the 8th over - 0 runs, 0 hits, 0 errors, 0 left on base; Houston 0 - Kelowna 6 |
| BOTTOM OF THE 8TH |
|
Kelowna Heat batting - Pitching for Houston Colt .45's : LHP Manny Muniz
|
|
Now in LF: Ryan Fridley
|
|
|
Now in CF: Josh Reisner
|
|
|
Batting: LHB Adrian Navarro
|
0-0: Swinging Strike 0-1: Reached via error on a dropped throw from 1B, E1 (Groundball, 34, EV 83.8 MPH)
|
|
Batting: RHB Matt Wallace
|
0-0: Ball 1-0: SINGLE (Groundball, 56D, EV 106.9 MPH) Adrian Navarro to second
|
|
Batting: RHB Adrian Franz
|
0-0: Foul Ball, location: 2F 0-1: Fly out, F7 (Flyball, 7D, EV 85.0 MPH) Runner from 2nd tags up, SAFE at 3rd, no throw by LF
|
|
Batting: RHB Sean Gilbert
|
0-0: Foul Ball, location: 2F 0-1: Fly out, F7 (Flyball, 7, EV 95.0 MPH) Runner from 3rd tags up, OUT at HOME! 7-2
|
| Bottom of the 8th over - 0 runs, 1 hit, 1 error, 1 left on base; Houston 0 - Kelowna 6 |
| TOP OF THE 9TH |
|
Houston Colt .45's batting - Pitching for Kelowna Heat : LHP Ricky Coats
|
|
Batting: LHB Bert Middleton
|
0-0: Foul Ball, location: 2F 0-1: Ball 1-1: SINGLE (Groundball, 4D, EV 95.6 MPH)
|
|
Batting: RHB Bill Borden
|
0-0: Ball 1-0: Called Strike 1-1: Ball 2-1: Ball 3-1: Base on Balls Bert Middleton to second
|
|
Batting: RHB Patrick Pinault
|
0-0: Ball 1-0: Ball 2-0: Swinging Strike 2-1: Swinging Strike 2-2: DOUBLE (Line Drive, 7LM, EV 100.6 MPH) Bert Middleton scores Bill Borden to third
|
|
Pitching: RHP Josh Henderson
|
|
|
Batting: LHB Vecdi Hodensack
|
0-0: Called Strike 0-1: Ball 1-1: Ball 2-1: Swinging Strike 2-2: Foul Ball, location: 2F 2-2: Foul Ball, location: 2F 2-2: Ball 3-2: Strikes out swinging
|
|
Batting: SHB Terciero Ortiz
|
0-0: Called Strike 0-1: Foul Ball, location: 2F 0-2: Ball 1-2: Ground out 6-3 (Groundball, 4MS, EV 68.8 MPH) Bill Borden scores Patrick Pinault to third
|
|
Pinch Hitting: LHB Bob Neale
|
0-0: Foul Ball, location: 2F 0-1: Swinging Strike 0-2: Ball 1-2: Ball 2-2: Ball 3-2: Base on Balls
|
|
Batting: RHB Josh Reisner
|
0-0: Swinging Strike 0-1: Ball 1-1: Ball 2-1: Foul Ball, location: 2F 2-2: Ball 3-2: Strikes out looking
|
| Top of the 9th over - 2 runs, 2 hits, 0 errors, 2 left on base; Houston 2 - Kelowna 6 |
|